 Dungeon Crawl Stone Soup version 0.21-a0-521-g1cd18d1 (webtiles) character file.

30 slep the Skirmisher (level 3, -1/30 HPs)
             Began as a Barachi Monk on Dec 6, 2017.
             Slain by an adder (3 damage)
             ... on level 2 of the Dungeon.
             The game lasted 00:02:38 (584 turns).

slep the Skirmisher (Barachi Monk)                   Turns: 584, Time: 00:02:39

Health: -1/30      AC:  2    Str: 13    XL:     3   Next: 18%
Magic:  2/2        EV: 14    Int: 10    God:
Gold:   97         SH:  0    Dex: 14    Spells: 2/2 levels left

rFire    . . .     SeeInvis .   a - +0 hand axe
rCold    + . .     Gourm    .   (no shield)
rNeg     . . .     Faith    .   b - +0 robe
rPois    .         Spirit   .   (no helmet)
rElec    .         Reflect  .   (no cloak)
rCorr    .         Harm     .   (no gloves)
MR       .....                  (no boots)
Stlth    +++.......             (no amulet)
HPRegen  0.10/turn              (no ring)
MPRegen  0.08/turn              (no ring)

@: lethally poisoned (-1 -> -9), slow
A: +LOS, swims, camouflage 1, cold resistance 1, low mp 1, slowness 1, strong
legs 1
a: Hop


You were on level 2 of the Dungeon.
You were not hungry.

You visited 1 branch of the dungeon, and saw 2 of its levels.

You collected 97 gold pieces.

Inventory:

Hand Weapons
 a - a +0 hand axe (weapon)
Armour
 b - a +0 robe (worn)
Scrolls
 d - 3 scrolls of enchant armour {unknown}
 e - a scroll of random uselessness {unknown}
 f - 2 scrolls of identify {unknown}
 g - a scroll of magic mapping {unknown}
 j - 4 scrolls of remove curse {unknown}
Comestibles
 c - a bread ration


   Skills:
 + Level 4.0 Fighting
 + Level 3.8 Axes
 + Level 3.7 Dodging
 + Level 2.0 Stealth


You had 2 spell levels left.
You didn't know any spells.

Dungeon Overview and Level Annotations

Branches:
Dungeon (2/15)

Altars:


Innate Abilities, Weirdness & Mutations

Shadows flee at your approach. (+LOS)
You can swim through water.
You cover ground slowly.
You can hop short distances.
Your skin changes colour to match your surroundings (Stealth+).
Your flesh is cold resistant. (rC+)
Your magical capacity is low. (-10% MP)


Message History

You feel sick. The adder bites you.
* * * LOW HITPOINT WARNING * * *
The adder barely misses you. The dart slug barely misses you.
You barely miss the adder.
The adder is severely wounded.
You hit the dart slug.
* * * LOW HITPOINT WARNING * * *
You feel sick. The adder bites you.
* * * LOW HITPOINT WARNING * * *
You hit the adder.
The adder is severely wounded.
You hit the dart slug.
You kill the dart slug!
* * * LOW HITPOINT WARNING * * *
You feel sick. The adder misses you. The giant cockroach barely misses you.
You barely miss the adder.
The adder is severely wounded.
You barely miss the giant cockroach. The adder closely misses you.
The giant cockroach barely misses you. The adder bites you.
You die... #. ##.# .... ... # #.. #.#.. ### #....
S.S

#(S## #.#
#.s@###.#
#.#..#!..###
#.....<...#
##..##.##.#
##. ..# #
....## .###.
.# #. #. #.


You could see an adder and a giant cockroach.

Vanquished Creatures
  An adder (D:2)
  A dart slug (D:2)
  3 hobgoblins
  3 jackals (D:1)
  5 bats (D:1)
  5 rats (D:1)
18 creatures vanquished.

Notes
Turn   | Place    | Note
-------+----------+-------------------------------------------
     0 | D:1      | slep the Barachi Monk began the quest for the Orb.
     0 | D:1      | Reached XP level 1. HP: 18/18 MP: 1/1
   130 | D:1      | Reached XP level 2. HP: 13/25 MP: 2/2
   567 | D:2      | HP: 1/25 [adder (3)]
   570 | D:2      | Reached skill level 4 in Fighting
   570 | D:2      | Reached XP level 3. HP: 22/30 MP: 3/3
   575 | D:2      | Gained mutation: Your flesh is cold resistant. (rC+) [potion of mutation]
   575 | D:2      | Gained mutation: Your magical capacity is low. (-10% MP) [potion of mutation]
   575 | D:2      | Gained mutation: Your skin changes colour to match your surroundings (Stealth+). [potion of mutation]
   584 | D:2      | Slain by an adder

Vault maps used:
D:1:      scummos_arrival_forest
D:2:      lemuel_crystal_altar

Skill      XL: |  1  2 |
---------------+-------+-----
Fighting       | 4 |  4.0
Stealth        | 2 |  2.0
Axes           | |  3.8
Dodging        | |  3.7

Action                   || total
-------------------------++-------
Melee: Hand axe          ||    65
  Use: Potion            ||     2
 Stab: Sleeping          ||     5
Armor: Robe              ||    15
Dodge: Dodged            ||    57

Table legend:
 A = Spawn XP
 B = Non-spawn XP
 C = Spawn XP percentage of total XP
 D = Spawn monster count
 E = Non-spawn monster count
 F = Spawn count percentage of total count
 G = Total turns spent on level
                    A         B        C        D         E        F      G
               +---------+---------+-------+---------+---------+-------+---------
         Total |       0 |      43 |   0.0 |       0 |      18 |   0.0 |   584
               +---------+---------+-------+---------+---------+-------+---------
           D:1 |       0 |      23 |   0.0 |       0 |      15 |   0.0 |   558
           D:2 |       0 |      20 |   0.0 |       0 |       3 |   0.0 |    26
               +---------+---------+-------+---------+---------+-------+---------
